 Dungeon Crawl Stone Soup version 0.29.1-15-g9cfb28693d (webtiles) character file.

Game seed: 10737157503607485547

49 ThatPearl the Changer (level 3, -5/27 HPs)
             Began as a Demigod Transmuter on Mar 25, 2023.
             Slain by Sigmund
             ... wielding a +0 scythe
              (6 damage)
             ... on level 2 of the Dungeon.
             The game lasted 00:04:41 (2258 turns).

ThatPearl the Changer (Demigod Transmuter)          Turns: 2258, Time: 00:04:42

Health: -5/27      AC:  2    Str: 11    XL:     3   Next: 33%
Magic:  6/8        EV: 12    Int: 19    God:
Gold:   112        SH:  0    Dex: 14    Spells: 2/5 levels left

rFire   . . .      SeeInvis .     - Unarmed
rCold   . . .      Faith    .   (no shield)
rNeg    . . .      Spirit   .   a - +0 robe
rPois   .          Reflect  .   (helmet currently unavailable)
rElec   .          Harm     .   (no cloak)
rCorr   .          Rampage  .   (no gloves)
Will    .....                   (boots currently unavailable)
Stlth   +.........              (no amulet)
HPRegen 0.09/turn               (no ring)
MPRegen 0.11/turn               (no ring)

@: appendages, wereblooded
A: horns 2, talons 2, high MP 1, forlorn, divine attributes
a: End Transformation


You were on level 2 of the Dungeon.
You had temporarily grown beastly horns and talons.
You visited 1 branch of the dungeon, and saw 2 of its levels.

You collected 112 gold pieces.

Inventory:

Hand Weapons
 b - a +3 sling
 f - a +2 dagger of venom
Armour
 a - a +0 robe (worn)
 n - an orb of mayhem
Scrolls
 d - a scroll of fog {unknown}
 g - 3 scrolls of identify {unknown}
 i - a scroll of vulnerability {unknown}
 k - a scroll of enchant weapon {unknown}
 m - 3 scrolls of magic mapping {unknown}
 o - a scroll of silence {unknown}
Potions
 c - a potion of heal wounds {unknown}
 e - a potion of lignification
 h - a potion of ambrosia {unknown}
 j - 3 potions of curing {unknown}
 l - a potion of flight {unknown}
 p - 2 potions of brilliance {unknown}


   Skills:
 - Level 0.8 Fighting
 - Level 1.7 Dodging
 - Level 2.6 Unarmed Combat
 - Level 1.7 Spellcasting
 + Level 3.6 Transmutations


You had 2 spell levels left.
You knew the following spells:

 Your Spells              Type           Power      Damage    Failure   Level
a - Beastly Appendage     Tmut           30%        N/A       4%          1
w - Wereblood             Tmut           15%        N/A       6%          2

Your spell library contained the following spells:

 Spells                   Type           Power      Damage    Failure   Level
 Static Discharge         Conj/Air       1%         3-4/arc   26%         2
 Spider Form              Tmut/Pois      8%         N/A       24%         3
 Tukima's Dance           Hex            1%         N/A       45%         3
 Ice Form                 Ice/Tmut       8%         N/A       63%         4
 Dispel Undead            Necr           1%         3d6       86%         4
 Passage of Golubria      Tloc           1%         N/A       86%         4
 Sticky Flame             Conj/Fire      1%         2d3       86%         4
 Yara's Violent Unravell  Hex/Tmut       4%         3d4       92%         5


Dungeon Overview and Level Annotations

Branches:
Dungeon (2/15)

Annotations:
D:2 Sigmund


Innate Abilities, Weirdness & Mutations

You have temporarily grown beastly horns and talons.
You have an increased reservoir of magic. (+10% MP)
You shall have no god before yourself.
Your divine heritage dramatically boosts your attributes as you level up.


Message History

a +0 short sword; 4 stones; a kobold corpse
Things that are here:
a +0 short sword; 4 stones; a kobold corpse Your transformation is almost over.
Your horns disappear.
Your talons disappear.
You see here a +0 ring mail.
You see here a bat skeleton.
You open the door.
Sigmund and a bat come into view.
Sigmund shouts!
Found a sedimented red potion.
Casting: Beastly Appendage (safe; 4% risk of failure)
Confirm with . or Enter, or press ? or * to list all spells.
You grow a pair of large bovine horns.
Your feet morph into talons.
The bat misses you.
Sigmund casts a spell.
Sigmund flickers and vanishes!
Deactivating autopickup; reactivate with Ctrl-A.
Casting: Beastly Appendage (safe; 4% risk of failure)
Confirm with . or Enter, or press ? or * to list all spells.
Your blood is infused with primal strength.
The bat barely misses you. The bat hits you but does no damage.
Something hits you but does no damage. The bat hits you but does no damage.
You miss the bat. The bat completely misses you.
The bat hits you but does no damage. The bat closely misses you.
Something hits you! The bat barely misses you.
The bat attacks as you move away! The bat barely misses you. The bat hits you.
You miss the bat. The bat hits you. The bat misses you. Something hits you.
You closely miss the bat. Your kick misses the bat. You headbutt the bat.
You feel a bit better.
You kill the bat!
Something hits you!
* * * LOW HITPOINT WARNING * * *
You closely miss something. Your headbutt misses something.
You punch something. Something hits you.
* * * LOW HITPOINT WARNING * * *
You hit something. Your kick misses something.
You howl as the wereblood boils in your veins!
You closely miss something. You claw something. Something hits you.
You die...

####### #..####.###.###.##
#.....# #..####.##.## ##.##
#.###.# #.รท##.....## ##.# #.#
#.###...#.#.##.#####.## #.#
#.##........###.#.#.##
#######.###..........## ##.#[##
.........#######.#...# ##.###.##
.######..# #.##### #.## ##.#
#..# #@# ##.###.## ####..# #{#
##.#.## #.....# ... ##.##
.###.###.# ..... ##.# .........#
....... ##..#
###....####...!.....####...#####
#.......+.........+...........
#....####.........####...#####
###.#.## ##....#


There were no monsters in sight!

Vanquished Creatures
  7 ball pythons (D:1)
  4 endoplasms (D:1)
  A giant cockroach (D:1)
  6 hobgoblins
  3 jackals (D:2)
  2 quokkas (D:1)
  5 bats
  2 frilled lizards
  6 goblins
  4 kobolds
  A rat (D:1)
41 creatures vanquished.

Notes
Turn   | Place    | Note
-------+----------+-------------------------------------------
     0 | D:1      | ThatPearl the Demigod Transmuter began the quest for the
                  | Orb.
     0 | D:1      | Reached XP level 1. HP: 15/15 MP: 5/5
   106 | D:1      | Reached skill level 2 in Transmutations
   556 | D:1      | Reached XP level 2. HP: 22/22 MP: 5/7
   680 | D:1      | Reached skill level 3 in Transmutations
   967 | D:1      | Learned a level 2 spell: Wereblood
  1271 | D:1      | Reached XP level 3. HP: 27/27 MP: 6/8
  2247 | D:2      | Noticed Sigmund
  2256 | D:2      | HP: 1/27 [something (6)]
  2258 | D:2      | Slain by Sigmund

Illustrated notes

Levels and vault maps discovered:
D:1:      dpeg_arrival_boxorama, layout_loops_ring,
          shapermc_ecumenical_altar_venn, patterned_corridor
D:2:      layout_loops_corners, uniq_sigmund

Skill      XL: |  1  2 |
---------------+-------+-----
Transmutations | 2 3 |  3.6
Fighting       | |  0.8
Dodging        | |  1.7
Unarmed Combat | |  2.6
Spellcasting   | |  1.7

Action                   || total
-------------------------++-------
Melee: Unarmed           ||    83
       Kick              ||    17
       Headbutt          ||     9
       Dagger            ||    13
       Punch             ||     2
 Fire: Sling             ||    10
 Cast: Beastly Appendage ||    21
       Wereblood         ||     2
 Stab: Sleeping          ||     1
Armor: Robe              ||    27
Dodge: Dodged            ||    74
